 Dungeon Crawl Stone Soup version 0.26.1-11-gd32895ea62 (webtiles) character file.

Game seed: 13960580418699164346

30 vvl the Ruffian (level 3, 0/29 HPs)
             Began as a Draconian Transmuter on July 8, 2021.
             Slain by an adder (1 damage)
             ... on level 2 of the Dungeon.
             The game lasted 00:02:30 (2234 turns).

vvl the Ruffian (Draconian Transmuter)              Turns: 2234, Time: 00:02:31

Health: 0/29       AC:  5    Str: 13    XL:     3   Next: 5%
Magic:  6/6        EV: 12    Int: 13    God:
Gold:   111        SH:  0    Dex: 11    Spells: 5/6 levels left

rFire    . . .     SeeInvis .     - Unarmed
rCold    . . .     Faith    .   (no shield)
rNeg     . . .     Spirit   .   (armour unavailable)
rPois    .         Reflect  .   (helmet restricted)
rElec    .         Harm     .   (no cloak)
rCorr    .         Rampage  .   (no gloves)
Will     .....                  (no boots)
Stlth    +.........             e - amulet of inaccuracy (curse)
HPRegen  0.09/turn              (no ring)
MPRegen  0.10/turn              (no ring)

@: no status effects
A: unfitting armour, cold-blooded, AC +5
a: no special abilities


You were on level 2 of the Dungeon.
You visited 1 branch of the dungeon, and saw 2 of its levels.

You collected 111 gold pieces.

Inventory:

Jewellery
 e - a cursed amulet of inaccuracy (around neck)
 i - an uncursed amulet of the acrobat {unknown}
Scrolls
 a - a scroll of fear
 c - a scroll of teleportation
 g - 3 scrolls of identify {unknown}
 h - a scroll of remove curse {unknown}
Potions
 b - a potion of berserk rage {unknown}
 d - 2 potions of curing {unknown}
 f - a potion of flight {unknown}


   Skills:
 + Level 1.7 Fighting
 - Level 1.7 Dodging
 * Level 3.4 Unarmed Combat
 + Level 2.2 Spellcasting
 * Level 2.5 Transmutations


You had 5 spell levels left.
You knew the following spells:

 Your Spells              Type           Power        Failure   Level
a - Beastly Appendage     Tmut           16%          9%          1

Your spell library contained the following spells:

 Spells                   Type           Power        Failure   Level
 Wereblood                Tmut           8%           13%         2
 Spider Form              Tmut/Pois      2%           41%         3
 Ice Form                 Ice/Tmut       4%           82%         4
 Blade Hands              Tmut           4%           94%         5


Dungeon Overview and Level Annotations

Branches:
Dungeon (2/15)

Altars:
Gozag
Nemelex Xobeh

Annotations:
D:2 Sigmund


Innate Abilities, Weirdness & Mutations

Your plain brown scales are hard. (AC +5)
You cannot fit into any form of body armour.
You are cold-blooded and may be slowed by cold attacks.


Message History

Sigmund is severely wounded.
The goblin closely misses you. Sigmund closely misses you.
The kobold hits you but does no damage. The adder bites you but does no damage.
The goblin barely misses you.
You closely miss Sigmund. Your kick misses Sigmund.
Sigmund is severely wounded.
The adder bites you. The goblin completely misses you.
The kobold hits you but does no damage.
Sigmund points at himself and mumbles some strange words.
Sigmund flickers and vanishes!
Deactivating autopickup; reactivate with Ctrl-A.
You miss something.
Your horns disappear.
Your talons disappear.
The goblin hits you from afar with a +0 spear.
The adder closely misses you. The kobold hits you with a +0 whip.
* * * LOW HITPOINT WARNING * * *
Something hits you!
* * * LOW HITPOINT WARNING * * *
The goblin hits you but does no damage. The adder bites you.
You die...

.##.##..# #[.## ###..#..
#.#.#.# #..# ......#
...##.###..## ..##.# ##.#
#........ #.##[## #.
#####..#. ##.#...### #..#.
....g... ###..#. #.#S{K#
#....## # #<##@# #.##.#
.##.###.##)# ### #.##.#
........##g# ##.###.##.#
.##.##g.##.# ##.#.##.##.#
##
......[.##.####.###...##.#
.# #....#.g........##
#...##.# .# #..#
#.#.###.###>###...##.##
.#####..# #.#.###.#
##.#.#.##...# .#......#
#.#..)..# ##.........#


You could see an adder, a hobgoblin, a goblin (fast) and a kobold.

Vanquished Creatures
  An ooze (D:1)
  A worm (D:2)
  A dart slug (D:1)
  A ball python (D:1)
  6 bats
  3 goblins
  A hobgoblin (D:1)
  A frilled lizard (D:2)
  3 kobolds
  6 rats
24 creatures vanquished.

Notes
Turn   | Place    | Note
-------+----------+-------------------------------------------
     0 | D:1      | vvl the Draconian Transmuter began the quest for the Orb.
     0 | D:1      | Reached XP level 1. HP: 16/16 MP: 3/3
   570 | D:1      | Reached XP level 2. HP: 17/23 MP: 3/5
  1405 | D:2      | Noticed Sigmund
  2040 | D:2      | Reached XP level 3. HP: 24/29 MP: 4/6
  2093 | D:2      | Found an opulent altar of Gozag.
  2093 | D:2      | Found a sparkling altar of Nemelex Xobeh.
  2234 | D:2      | HP: 1/29 [something (7)]
  2234 | D:2      | Slain by an adder

Illustrated notes

Levels and vault maps discovered:
D:1:      elethiomel_arrival_shortcut, layout_basic, hangedman_feature_mirror
D:2:      layout_loops_ring, grunt_temple_overflow_opulence, grunt_ministairs_1,
          minmay_close_crescents, uniq_sigmund

Action                   || total
-------------------------++-------
Melee: Unarmed           ||    65
       Kick              ||    13
       Headbutt          ||     5
       Tailslap          ||     3
       Punch             ||     2
 Cast: Beastly Appendage ||    18
  Use: Scroll            ||     3
 Stab: Sleeping          ||     2
Armor: Skin              ||    27
Dodge: Dodged            ||    41
